 Dungeon Crawl Stone Soup version 0.21-a0-70-g32e1473 (webtiles) character file.

177 Ordine the Slasher (level 5, -2/32 HPs)
             Began as a Tengu Fighter on June 18, 2017.
             Slain by a hobgoblin
             ... wielding a +0 club
             ... led by Robin
              (8 damage)
             ... on level 2 of the Dungeon.
             The game lasted 00:02:26 (846 turns).

Ordine the Slasher (Tengu Fighter)                   Turns: 846, Time: 00:02:27

Health: -2/32      AC:  6    Str: 18    XL:     5   Next: 57%
Magic:  6/6        EV:  7    Int:  8    God:
Gold:   21         SH:  9    Dex: 13    Spells: 4/4 levels left

rFire    . . .     SeeInvis .   a - +0 long sword
rCold    . . .     Gourm    .   c - +0 shield
rNeg     . . .     Faith    .   b - +0 scale mail
rPois    .         Spirit   .   (helmet restricted)
rElec    .         Reflect  .   (no cloak)
rCorr    .         Harm     .   (no gloves)
MR       .....                  (boots unavailable)
Stlth    ..........             (no amulet)
HPRegen  0.10/turn              (no ring)
MPRegen  0.10/turn              (no ring)

@: no status effects
A: beak, talons 3, able to fly 1
a: Fly


You were on level 2 of the Dungeon.
You were not hungry.

You visited 1 branch of the dungeon, and saw 2 of its levels.

You collected 21 gold pieces.

Inventory:

Hand Weapons
 a - a +0 long sword (weapon)
Armour
 b - a +0 scale mail (worn)
 c - a +0 shield (worn)
Potions
 d - a potion of might
Comestibles
 f - a bread ration
 j - 8 chunks of flesh


   Skills:
 - Level 3.0 Fighting
 + Level 6.2 Long Blades
 - Level 3.2 Armour
 - Level 3.0 Shields


You had 4 spell levels left.
You didn't know any spells.

Dungeon Overview and Level Annotations

Branches:
Dungeon (2/15)

Altars:

Annotations:
D:2 Natasha, Robin


Innate Abilities, Weirdness & Mutations

You have a beak for a mouth.
You have claws for feet.
You can fly.


Message History

The goblin hits you but does no damage.
Unknown command.
You slash the goblin!
You kill the goblin!
The goblin hits you but does no damage.
Natasha mumbles some strange words.
The goblin barely misses you.
The hobgoblin hits you but does no damage.
The crimson imp blinks!
You block the goblin's attack. The goblin closely misses you.
You block the hobgoblin's attack.
Items here: )) ††† a club; a dagger; a goblin corpse x3
Unknown command.
You block the goblin's attack. The goblin hits you but does no damage.
The white imp summons a swarm of flies.
Natasha casts a spell.
There is a stone staircase leading up here.
You don't know any spells.
You block the goblin's attack. The hobgoblin hits you with a club!
You die...

... .... ..# ##.. #.#.##
.. ###.†. #.#... .. ..#.#.
.. #.##.# .# #.#... ....
#.##.# #.# #.##.#
.#..5###g##.####.# ##.##.#
#..5gh).gg.......###......
.#..g##gg@.............<..
## #.###.###..###..##.#
#.###.###..# #..##.#
#........).###..##.#
#####.........#....#
####.#.#.###.### #.#..##
#.# #.#.#.# ## #.#.##.#


You could see an iron imp, Natasha, a crimson imp, 2 hobgoblins and 4 goblins.

Vanquished Creatures
  Sigmund (D:2)
  3 dart slugs (D:1)
  4 bats
  2 giant cockroaches (D:1)
  3 hobgoblins
  3 jackals (D:1)
  A ball python (D:1)
  A frilled lizard (D:2)
  6 goblins
  2 kobolds
26 creatures vanquished.

Notes
Turn   | Place    | Note
-------+----------+-------------------------------------------
     0 | D:1      | Ordine the Tengu Fighter began the quest for the Orb.
     0 | D:1      | Reached XP level 1. HP: 14/14 MP: 2/2
    73 | D:1      | Reached skill level 3 in Long Blades
    73 | D:1      | Reached XP level 2. HP: 9/19 MP: 3/3
   672 | D:1      | Reached XP level 3. HP: 22/23 MP: 4/4
   785 | D:2      | Noticed Sigmund
   791 | D:2      | Killed Sigmund
   791 | D:2      | Reached skill level 6 in Long Blades
   791 | D:2      | Reached XP level 4. HP: 28/28 MP: 5/5
   791 | D:2      | Gained mutation: You can fly. [Tengu growth]
   791 | D:2      | Reached XP level 5. HP: 32/32 MP: 6/6
   835 | D:2      | Noticed Robin
   838 | D:2      | Noticed Natasha
   846 | D:2      | Slain by a hobgoblin

Vault maps used:
D:1:      mrwooster_arrival_statue
D:2:      makhleb_altar_promises_db, first_bread, uniq_robin, uniq_natasha,
          uniq_sigmund

Skill      XL: |  1  2  3 |
---------------+----------+-----
Long Blades    | 3 6 |  6.2
Fighting       | |  3.0
Armour         | |  3.2
Shields        | |  3.0

Action                   |  1- 3 |  4- 6 || total
-------------------------+-------+-------++-------
Melee: Long sword        |    63 |     6 ||    69
       Kick              |    12 |     2 ||    14
       Peck              |    11 |       ||    11
  Use: Scroll            |     6 |       ||     6
       Potion            |     1 |     1 ||     2
Armor: Scale mail        |    40 |     6 ||    46
Dodge: Dodged            |    18 |     8 ||    26
Block: Shield            |    40 |    11 ||    51
       Rpst.: Long sword |     3 |     1 ||     4
